 Dungeon Crawl Stone Soup version 0.31.0-7-gf635a9b802 (webtiles) character file.

Game seed: 14813084506872416404

17 Arctor the Vexing (level 2, -1/16 HPs)
             Began as a Kobold Hexslinger on Jan 23, 2024.
             Killed from afar by a dart slug (3 damage)
             ... with a slug dart
             ... on level 1 of the Dungeon.
             The game lasted 00:00:37 (198 turns).

Arctor the Vexing (Kobold Hexslinger)                Turns: 198, Time: 00:00:37

Health: -1/16      AC:  2    Str:  5    XL:     2   Next: 80%
Magic:  4/4        EV: 15    Int: 14    God:
Gold:   37         SH:  0    Dex: 17    Spells: 3/3 levels left

rFire   . . .        a - +1 sling
rCold   . . .        d - orb {guile}
rNeg    . . .        c - +0 robe
rPois   .            (no helmet)
rElec   .            (no cloak)
rCorr   .            (no gloves)
SInv    .            (no boots)
Will    .....        (no amulet)
Stlth   +++          (no ring)
HPRegen 0.22/turn    (no ring)
MPRegen 0.09/turn

%: no passive effects
@: no status effects
A: small, no large weapons, nightstalker 3
a: no special abilities


You were on level 1 of the Dungeon.
You visited 1 branch of the dungeon, and saw 1 of its levels.

You collected 37 gold pieces.

Inventory:

Hand Weapons
 a - a +1 sling (weapon)
Armour
 c - a +0 robe (worn)
 d - an orb of guile (worn)
Scrolls
 b - a scroll of poison
 e - a scroll of teleportation {unknown}
Potions
 f - a potion of heal wounds {unknown}


   Skills:
 + Level 1.4 Fighting
 + Level 3.0 Ranged Weapons
 + Level 2.7 Dodging
 + Level 1.3 Spellcasting
 + Level 3.1 Hexes
 + Level 1.3 Fire Magic


You had 3 spell levels left.
You didn't know any spells.
Your spell library contained the following spells:

 Spells                   Type           Power      Damage    Failure   Level
 Jinxbite                 Hex            18%        N/A       11%         2
 Sigil of Binding         Hex            9%         N/A       22%         3
 Inner Flame              Hex/Fire       7%         N/A       30%         3
 Cause Fear               Hex            4%         N/A       56%         4
 Dimensional Bullseye     Hex/Tloc       2%         N/A       80%         4


Dungeon Overview and Level Annotations

Branches:
Dungeon (1/15)

Altars:


Innate Abilities, Weirdness & Mutations

You are small and have problems with some larger weapons.
You are completely attuned to the shadows.


Message History

The hobgoblin hits you. The dart slug closely misses you.
You shoot a sling bullet.
The sling bullet barely misses the hobgoblin.
The hobgoblin hits you.
You shoot a sling bullet. The sling bullet hits the hobgoblin.
The hobgoblin is moderately wounded.
The hobgoblin misses you. The dart slug launches a dart at you.
The slug dart misses you. The hobgoblin hits you.
The dart slug launches a dart at you. The slug dart hits you.
* * * LOW HITPOINT WARNING * * *
The hobgoblin attacks as it pursues you!
The hobgoblin closely misses you.
You shoot a sling bullet. The sling bullet hits the hobgoblin.
The hobgoblin is heavily wounded.
The dart slug briefly extends its eye-stalks.
The hobgoblin closely misses you.
You shoot a sling bullet. The sling bullet hits the hobgoblin!
You kill the hobgoblin!
The dart slug launches a dart at you. The slug dart hits you.
* * * LOW HITPOINT WARNING * * *
Unknown command.
You don't know any spells.
Sorry, you're not good enough to have a special ability.
Fire: a) +1 sling
Press: ? - help, Q - select action Shift-Dir - straight line, f - dart slug
Aim: a dart slug (93% to hit)
You shoot a sling bullet. The sling bullet hits the dart slug!
The dart slug is almost dead.
The quokka closely misses you.
Fire: a) +1 sling
Press: ? - help, Q - select action Shift-Dir - straight line, f/p - dart slug
Aim: a dart slug (almost dead, 93% to hit)
You shoot a sling bullet. The sling bullet hits the quokka!
You kill the quokka!
The dart slug launches a dart at you. The slug dart hits you.
You die...

.... .$.. ... ..
###.######## #.
....w†@....#
###+#.
#.#..##..).#
...... #!..#....#
......
.....#....####
.....#
####.#.##.....
###... .#+##.....
#... #.........
#..( #.........
#.## #
#.........#####.#


You could see a dart slug.

Vanquished Creatures
  A dart slug (D:1)
  2 ball pythons (D:1)
  A bat (D:1)
  3 endoplasms (D:1)
  A giant cockroach (D:1)
  A hobgoblin (D:1)
  3 quokkas (D:1)
  A frilled lizard (D:1)
  A rat (D:1)
14 creatures vanquished.

Notes
Turn   | Place    | Note
-------+----------+-------------------------------------------
     0 | D:1      | Arctor the Kobold Hexslinger began the quest for the Orb.
     0 | D:1      | Reached XP level 1. HP: 12/12 MP: 2/2
    66 | D:1      | Reached XP level 2. HP: 16/16 MP: 3/3
    84 | D:1      | Found a faded altar of an unknown god.
   198 | D:1      | Killed from afar by a dart slug

Illustrated notes

Levels and vault maps discovered:
D:1:      saegor_arrival_simple_b, layout_basic,
          hellmonk_ecumenical_altar_arch_garden

Skill      XL: |  1  2 |
---------------+-------+-----
Ranged Weapons | 3 |  3.0
Fighting       | |  1.4
Dodging        | |  2.7
Spellcasting   | |  1.3
Hexes          | |  3.1
Fire Magic     | |  1.3

Action                     || total
---------------------------++-------
   Fire: Sling             ||    51
 Armour: Robe              ||    15
  Dodge: Dodged            ||    28
